 Dungeon Crawl Stone Soup version 0.17.0-28-g6e173f8 (webtiles) character file.

615 Ijustatesigmund the Covert (level 7, 0/40 HPs)
             Began as a Kobold Assassin on Nov 23, 2015.
             Slain by a sky beast (6 damage)
             ... on level 5 of the Dungeon.
             The game lasted 00:10:23 (3979 turns).

Ijustatesigmund the Covert (Kobold Assassin)        Turns: 3979, Time: 00:10:25

Health: 0/40       AC:  5    Str:  9    XL:     7   Next: 73%
Magic:  7/7        EV: 14    Int: 11    God:
Gold:   171        SH:  0    Dex: 18    Spells: 0 memorised, 6 levels left

rFire  + . .     SeeInvis .     l - +2 dagger (elec)
rCold  + . .     Clarity  .     p - +2 robe {rC+ rF+}
rNeg   . . .     SustAt   .     (shield restricted)
rPois  .         Gourm    .     (no helmet)
rElec  .         Spirit   .     d - +0 cloak
rCorr  .         Warding  .     (no gloves)
rMut   .         Stasis   .     (no boots)
MR     .....                    (no amulet)
Stlth  +++++.....               (no ring)
                                (no ring)

@: not resistant to hostile enchantments, quite stealthy
A: carnivore 3
a: no special abilities


You were on level 5 of the Dungeon.
You were very full.

You visited 1 branch of the dungeon, and saw 5 of its levels.

You collected 171 gold pieces.

Inventory:

Hand Weapons
 b - a +0 blowgun
 l - a +2 dagger of electrocution (weapon)
Missiles
 e - 8 poisoned needles
 f - 7 curare-tipped needles
Armour
 c - a +0 robe
 d - a +0 cloak (worn)
 p - a +2 robe of resistance (worn)
Wands
 j - a wand of random effects (25)
Scrolls
 a - 2 scrolls of magic mapping
 i - a scroll of amnesia
Potions
 h - 2 potions of resistance {unknown}
 k - a potion of mutation
 m - 2 potions of curing {unknown}
 n - a potion of invisibility
 o - a potion of heal wounds {unknown}
 q - a potion of magic {unknown}
 s - a potion of poison {unknown}
Comestibles
 g - 4 meat rations


   Skills:
 - Level 2.1 Fighting
 + Level 7.5 Short Blades
 + Level 3.1 Throwing
 - Level 1.2 Dodging
 + Level 9.1 Stealth


You had 6 spell levels left.
You didn't know any spells.

Dungeon Overview and Level Annotations

Branches:
Dungeon (5/15)
 Temple: D:4-7

Altars:
Elyvilon
Okawaru
Vehumet

Shops:
D:4 [

Annotations:
D:2 Natasha
D:4 youngkai's ghost, amateur MiBe


Innate Abilities, Weirdness & Mutations

You are small and have problems with some larger weapons.
You are carnivorous and can eat meat at any time.


Message History

You hit the sky beast.
The sky beast is lightly wounded.
The goblin hits you but does no damage. The sky beast barely misses you.
The shadow imp lashes its tail.
The shadow imp barely misses you.
You closely miss the sky beast.
The sky beast is lightly wounded.
The goblin zaps a wand.
The puff of frost misses you.
It is a wand of frost.
The sky beast hits you. The sky beast shocks you.
You barely miss the sky beast.
The sky beast is lightly wounded.
The shadow imp hits you.
You closely miss the sky beast.
The sky beast is lightly wounded.
The goblin zaps a wand.
The puff of frost hits you! You resist.
* * * LOW HITPOINT WARNING * * *
The sky beast hits you.
* * * LOW HITPOINT WARNING * * *
The sky beast shocks you.
You die...

######### #.......#
##...#...#
#........#
#..#._.#.##
##########.........#
...... .......#g5Y.#
..##.# #.....@..#
####†# ####.###.#
...>.# #.....#
###..#########.#####
#..........##.#
##...######.##.#
.....# #.##.# .[..##
#....#
##..#######.####


You could see a sky beast, a shadow imp and a goblin.

Vanquished Creatures
  Sigmund (D:3)
  An ogre (D:4)
  Ijyb (D:3)
  Jessica (D:2)
  A hound (D:5)
  A worker ant (D:4)
  An iguana (D:5)
  Natasha (D:2)
  6 gnolls
  4 adders
  2 oozes
  2 worms (D:3)
  The ghost of homeworkjunkie the Sneak, a weakling SpAs (D:3)
  2 giant geckos
  14 orcs
  6 giant cockroaches
  12 hobgoblins
  8 jackals
  7 kobolds
  A quokka (D:5)
  A ball python skeleton (D:4)
  11 bats
  6 giant newts
  10 goblins
  8 rats
109 creatures vanquished.

Notes
Turn   | Place    | Note
--------------------------------------------------------------
     0 | D:1      | Ijustatesigmund the Kobold Assassin began the quest for the Orb.
     0 | D:1      | Reached XP level 1. HP: 12/12 MP: 1/1
   116 | D:1      | Reached XP level 2. HP: 14/17 MP: 2/2
   535 | D:1      | Reached XP level 3. HP: 21/21 MP: 3/3
   547 | D:1      | Reached skill level 6 in Stealth
  1080 | D:2      | Reached XP level 4. HP: 26/26 MP: 4/4
  1279 | D:2      | Reached XP level 5. HP: 24/30 MP: 5/5
  1332 | D:2      | Found a white marble altar of Elyvilon.
  1397 | D:2      | Noticed Jessica
  1406 | D:2      | Killed Jessica
  1406 | D:2      | Reached skill level 5 in Short Blades
  1406 | D:2      | Reached skill level 7 in Stealth
  1743 | D:2      | Noticed Natasha
  1757 | D:2      | Killed Natasha
  1820 | D:2      | Noticed Natasha
  2187 | D:3      | Found an iron altar of Okawaru.
  2229 | D:3      | Noticed homeworkjunkie's ghost (weakling SpAs)
  2238 | D:3      | Killed homeworkjunkie's ghost
  2389 | D:3      | Noticed Sigmund
  2397 | D:3      | Reached XP level 6. HP: 32/35 MP: 6/6
  2404 | D:3      | Killed Sigmund
  2404 | D:3      | Reached skill level 8 in Stealth
  2671 | D:3      | Noticed Ijyb
  2687 | D:4      | Reached XP level 7. HP: 40/40 MP: 7/7
  2755 | D:4      | Noticed youngkai's ghost (amateur MiBe)
  2872 | D:4      | Found Awkaf's Antique Armour Boutique.
  3152 | D:3      | Killed Ijyb
  3173 | D:3      | Reached skill level 9 in Stealth
  3240 | D:3      | Found a faded altar to an unknown god.
  3888 | D:5      | Entered Level 5 of the Dungeon
  3974 | D:5      | Found a radiant altar of Vehumet.
  3979 | D:5      | Slain by a sky beast

Action                   |  1- 3 |  4- 6 |  7- 9 || total
-------------------------+-------+-------+-------++-------
Melee: Dagger            |   114 |    82 |   110 ||   306
 Fire: Blowgun           |     5 |    16 |     3 ||    24
  Use: Scroll            |       |     5 |     2 ||     7
       Potion            |       |       |     1 ||     1
 Stab: Sleeping          |     6 |    10 |     9 ||    25
       Distracted        |     2 |       |     1 ||     3
       Invisible         |       |       |     3 ||     3
  Eat: Chunk             |     8 |     5 |     3 ||    16
